 Dungeon Crawl Stone Soup version 0.29-a0-284-gf9362112df (webtiles) character file.

Game seed: 11945359398935623649

9 spaghetti the Sneak (level 2, -4/16 HPs)
             Began as a Vine Stalker Delver on Mar 20, 2022.
             Slain by an ice beast (7 damage)
             ... on level 5 of the Dungeon.
             The game lasted 00:00:29 (224 turns).

spaghetti the Sneak (Vine Stalker Delver)            Turns: 224, Time: 00:00:29

Health: -4/16      AC:  3    Str: 14    XL:     2   Next: 12%
Magic:  0/3        EV: 11    Int: 10    God:
Gold:   10         SH:  0    Dex: 15    Spells: 1/1 levels left

rFire   . . .      SeeInvis .   a - +0 short sword {short}
rCold   . . .      Faith    .   (no shield)
rNeg    . . .      Spirit   +   b - +0 leather armour
rPois   .          Reflect  .   (no helmet)
rElec   .          Harm     .   (no cloak)
rCorr   .          Rampage  .   (no gloves)
Will    .....                   (no boots)
Stlth   +++.......              (no amulet)
HPRegen 0.05/turn               (no ring)
MPRegen 0.08/turn               (no ring)

@: mighty
A: fangs 2, magic shield, antimagic bite, no potion heal 2
a: no special abilities


You were on level 5 of the Dungeon.
You visited 1 branch of the dungeon, and saw 2 of its levels.

You collected 10 gold pieces.


Innate Abilities, Weirdness & Mutations

You have extremely sharp teeth.
When hurt, damage is shared between your health and your magic reserves.
Your bite disrupts and absorbs the magic of your enemies.
Potions cannot restore your health.


   Skills:
 - Level 2.6 Fighting
 - Level 1.7 Short Blades
 - Level 1.5 Dodging
 + Level 6.6 Stealth


You had one spell level left.
You didn't know any spells.
Your spell library was empty.

Inventory:

Hand Weapons
 a - a +0 short sword (weapon) {short}
Armour
 b - a +0 leather armour (worn)
Wands
 g - a wand of digging (3)
Scrolls
 c - a scroll of fog
 e - a scroll of fear
Potions
 f - a potion of haste {@q3}

Dungeon Overview and Level Annotations

Branches:
Dungeon (6/15)
 Temple: D:4-7

Altars:

.............#
.............#
.....##......#
.....#.......#
....<....#.[.#
......[.####.###
.......## ##..##
......## ###Y##
......# ##@#
......# ###
.....## .....#
..#..# ###..#
#..# #..# ##..#


You could see an ice beast.


Message History

🤖 Initializing magus.rc ...
Options error: Delay interrupt name "hungry" not recognised. (~/.crawlrc:4761) Options error: Bad monster_list_colour key: strict_neutral (~/.crawlrc:4776) ✅ Successfully initialized magus.rc [v1.9.6] Welcome, spaghetti the Vine Stalker Delver.
It is said that the Orb of Zot exists deep within this dungeon.
Press ? for a list of commands and other information.
Found a stone staircase leading down.
Found a stone staircase leading down.
There is a stone staircase leading down here.
You climb downwards.
Found a robe, a helmet and 2 curare-tipped darts.
Found a stone staircase leading down.
There is a stone staircase leading up here.
Unknown command.
Unknown command.
Unknown command.
Really read
d - a scroll of magic mapping {!r}?
As you read the scroll of magic mapping {!r}, it crumbles to dust.
You feel aware of your surroundings.
You climb upwards.
There is a stone staircase leading down here.
An adder comes into view.
An adder is nearby!
The adder closely misses you. The adder misses you.
You barely miss the adder. Your punch misses the adder. You bite the adder.
You drain its power. The adder bites you. 😕 HP[-1]
You take 1 damage, and now have 10/11 hp.
You hit the adder. Your bite misses the adder.
The adder bites you. 😕 HP[-1] MP[-1]
You take 1 damage, and now have 9/11 hp.
You lost 1 mp, and now have 1/2 mp.
You hit the adder. You bite the adder, but do no damage.
The adder bites you but does no damage. The adder misses you.
You closely miss the adder. You bite the adder, but do no damage.
The adder barely misses you.
You hit the adder but do no damage. The adder bites you but does no damage.
You hit the adder but do no damage. The adder bites you.
The adder barely misses you. 😮 HP[-1]
You take 1 damage, and now have 8/11 hp.
You hit the adder.
You kill the adder!
You have reached level 2! 😮 HP[+4]
You now have 16 max hp (+5).
You regained 4 hp, and now have 12/16 hp.
You start resting. 😕 HP[+1] MP[+2]
Your mp is fully restored (3).
Key pressed, stopping explore.
Found a stone staircase leading down. 😎 HP[+3]
Your hp is fully restored (16).
You now have 10 gold pieces.
Key pressed, stopping explore.
Key pressed, stopping explore.
Found an escape hatch in the ceiling.
An ice beast comes into view.
You see here a +0 chain mail.
An ice beast is nearby!
An ice beast is nearby!
You see here a black potion.
d - a black potion The ice beast hits you but does no damage.
The ice beast attacks as you move away! The ice beast hits you.
The ice beast freezes you!
Ouch! That really hurt!
* * * LOW HITPOINT WARNING * * *
😱 HP[-12] MP[-2]
You take 12 damage, and now have 4/16 hp.
MASSIVE DAMAGE!! (PAUSE)
You lost 2 mp, and now have 1/3 mp.
The ice beast attacks as you move away!
The ice beast closely misses you. 😨 HP[+1]
Okay, then.
It was a potion of might.
You feel very mighty all of a sudden. The ice beast hits you.
* * * LOW HITPOINT WARNING * * *
The ice beast freezes you!
You die...

Action                   || total
-------------------------++-------
Melee: Short sword       ||     7
       Bite              ||     3
  Use: Scroll            ||     1
       Potion            ||     1
Armor: Leather armour    ||     3
Dodge: Dodged            ||     6

Levels and vault maps discovered:
D:5:      layout_layer_cave, minmay_temple_entry_mist
D:6:      layout_rooms

Notes
Turn   | Place    | Note
-------+----------+-------------------------------------------
     0 | D:5      | spaghetti the Vine Stalker Delver began the quest for the
                  | Orb.
     0 | D:5      | Reached XP level 1. HP: 11/11 MP: 2/2
     0 | D:5      | magus.rc [v1.9.6]
    47 | D:5      | Reached XP level 2. HP: 12/16 MP: 1/3
   204 | D:5      | Noticed an ice beast
   217 | D:5      | HP: 4/16 [ice beast (10)]
   224 | D:5      | HP: 3/16 [ice beast (2)]
   224 | D:5      | Slain by an ice beast

Vanquished Creatures
  An adder (D:5)
1 creature vanquished.

Table legend:
 A = Non-vault XP
 B = Vault XP
 C = Vault XP percentage of total XP
 D = Non-vault monster count
 E = Vault monster count
 F = Vault count percentage of total count
                 A         B        C        D         E       F
            +---------+---------+-------+---------+---------+-------
      Total |      13 |       0 |   0.0 |       1 |       0 |   0.0
            +---------+---------+-------+---------+---------+-------
        D:5 |      13 |       0 |   0.0 |       1 |       0 |   0.0
            +---------+---------+-------+---------+---------+-------

Illustrated notes

Table legend:
 A = Kills in this place as a percentage of kills in entire the game.
 B = Kills by you in this place as a percentage of kills by you in the entire game.
 C = Kills by friends in this place as a percentage of kills by friends in the entire game.
 D = Other kills in this place as a percentage of other kills in the entire game.
 E = Experience gained in this place as a percentage of experience gained in the entire game.
 F = Experience gained in this place divided by the number of levels of this place that you have seen.
                   A       B       C       D       E      F
               +-------+-------+-------+-------+-------+----------------------
         Total | 100.0 | 100.0 |   N/A |   N/A | 100.0 |   6.5
       Dungeon | 100.0 | 100.0 |   N/A |   N/A | 100.0 |   6.5
               +-------+-------+-------+-------+-------+----------------------

Table legend: (Time is in decaauts)
 A = Elapsed time spent in this place.
 B = Non-inter-level travel time spent in this place.
 C = Inter-level travel time spent in this place.
 D = Time resting spent in this place.
 E = Time spent auto-exploring this place.
 F = Levels seen in this place.
 G = Mean time per level.
                   A        B        C        D        E       F      G
               +--------+--------+--------+--------+--------+-----+--------+
         Total |    224 |    224 |      0 |     20 |    160 |   2 |  112.0 |
       Dungeon |    224 |    224 |      0 |     20 |    160 |   2 |  112.0 |
               +--------+--------+--------+--------+--------+-----+--------+

Top non-repeatable levels by time:
     D:5: 221 daAuts
     D:6: 2 daAuts
